[Event "ICC tourney 1921 (15 5)"]
[Site "Internet Chess Club"]
[Date "2020.07.17"]
[Round "2"]
[White "che8642"]
[Black "imranchamp"]
[Result "0-1"]
[ICCResult "White checkmated"]
[WhiteElo "1395"]
[BlackElo "1461"]
[Opening "Pirc: Byrne variation"]
[ECO "B07"]
[NIC "PU.09"]
[Time "13:27:48"]
[TimeControl "900+5"]

1. d4 Nf6 2. Nc3 g6 3. e4 d6 4. Bg5 Bg7 5. Qd2 O-O 6. Bh6 Nbd7 7. O-O-O b6
8. h4 e5 9. d5 Nc5 10. f3 Nh5 11. g4 Ng3 12. Rh2 Nxf1 13. Rxf1 Qf6 14. h5
Bxh6 15. Qxh6 Qf4+ 16. Qxf4 exf4 17. hxg6 fxg6 18. Nge2 Ba6 19. Rfh1 Rf7 20.
Nd4 Re8 21. Nc6 Nd7 22. Ne2 Ne5 23. Ned4 Bb7 24. Nxa7 Ra8 25. Nab5 Rxa2 26.
Rh3 Nc4 27. Ne6 Ra1# {White checkmated} 0-1

[Event "ICC tourney 1921 (15 5)"]
[Site "Internet Chess Club"]
[Date "2020.07.17"]
[Round "2"]
[White "Roger436"]
[Black "woodychess"]
[Result "0-1"]
[ICCResult "White resigns"]
[WhiteElo "1329"]
[BlackElo "1562"]
[Opening "Sicilian: Najdorf"]
[ECO "B90"]
[NIC "SI.14"]
[Time "13:27:57"]
[TimeControl "900+5"]

1. e4 c5 2. Nf3 d6 3. d4 cxd4 4. Nxd4 Nf6 5. Nc3 a6 6. f3 e5 7. Nb3 Be6 8.
Be3 Be7 9. Qd2 h5 10. h3 Nbd7 11. O-O-O Rc8 12. Be2 h4 13. Rdg1 b5 14. g3
hxg3 15. Rxg3 g6 16. Bd3 Qc7 17. Rh2 Nb6 18. Qf2 Nc4 19. Bxc4 Bxc4 20. Bb6
Qd7 21. Rh1 b4 22. Nb1 Nh5 23. Rgg1 Nf4 24. Qe3 Ne2+ 25. Kd1 Nxg1 26. Rxg1
Rxh3 27. N1d2 d5 28. Kc1 d4 29. Qf2 Bd3 30. Na1 Bxc2 31. Nxc2 d3 32. Be3 Qa4
33. Nb3 Rxc2+ 34. Qxc2 dxc2 35. Kxc2 Rh2+ 36. Kb1 Qb5 37. Re1 Qd3+ 38. Ka1
Qc2 39. Bc1 Bg5 {White resigns} 0-1

[Event "ICC tourney 1921 (15 5)"]
[Site "Internet Chess Club"]
[Date "2020.07.17"]
[Round "2"]
[White "HenriVZ"]
[Black "erickzhao"]
[Result "0-1"]
[ICCResult "White checkmated"]
[WhiteElo "1349"]
[BlackElo "1328"]
[Opening "Sicilian: Najdorf"]
[ECO "B90"]
[NIC "SI.14"]
[Time "13:27:43"]
[TimeControl "900+5"]

1. e4 c5 2. Nf3 d6 3. d4 cxd4 4. Nxd4 Nf6 5. Nc3 a6 6. f3 e5 7. Nb3 Be7 8.
Be3 O-O 9. Qd2 Be6 10. O-O-O Nbd7 11. g4 b5 12. h4 Nb6 13. h5 Nc4 14. Bxc4
bxc4 15. Na1 Rb8 16. g5 Nd7 17. g6 Qc7 18. h6 fxg6 19. hxg7 Rxf3 20. Qe2 Rf7
21. Rdf1 Rxg7 22. Bh6 Rf7 23. Rxf7 Bxf7 24. Be3 Qb7 25. b3 Rc8 26. Qh2 Nf6
27. Nd5 Bxd5 28. exd5 Qxd5 29. Bg5 Rc7 30. Rf1 Qd4 31. Kb1 Ne4 32. Bh6 Nc3+
33. Kc1 Nxa2+ 34. Kb1 Nc3+ 35. Kc1 d5 36. Qg2 Ba3# {White checkmated} 0-1

[Event "ICC tourney 1921 (15 5)"]
[Site "Internet Chess Club"]
[Date "2020.07.17"]
[Round "2"]
[White "Ajitesh20091"]
[Black "maglrashin"]
[Result "1-0"]
[ICCResult "Black forfeits on time"]
[WhiteElo "1447"]
[BlackElo "1234"]
[Opening "Sicilian: Canal-Sokolsky attack, 3...Bd7"]
[ECO "B52"]
[NIC "SI.01"]
[Time "13:28:00"]
[TimeControl "900+5"]

1. e4 c5 2. Nf3 d6 3. Bb5+ Bd7 4. Bxd7+ Nxd7 5. O-O Ngf6 6. Re1 e6 7. c3 Be7
8. d4 O-O 9. Bf4 Qb6 10. Qb3 Rfc8 11. Qxb6 Nxb6 12. Na3 d5 13. e5 Ne4 14.
Nb5 a6 15. Nd6 Bxd6 16. exd6 cxd4 17. cxd4 Rc2 18. Rec1 Rxf2 19. Rc7 Rxb2
20. Rxb7 Nc4 21. Rxb2 Nxb2 22. Rb1 Nc4 23. d7 Ned6 24. Ne5 Na5 25. Rb6 Nab7
26. Nc6 {Black forfeits on time} 1-0

[Event "ICC tourney 1921 (15 5)"]
[Site "Internet Chess Club"]
[Date "2020.07.17"]
[Round "2"]
[White "Ksadury"]
[Black "tcrgm"]
[Result "1/2-1/2"]
[ICCResult "Game drawn by mutual agreement"]
[WhiteElo "1466"]
[BlackElo "1549"]
[Opening "French: Winawer, advance, 5.a3"]
[ECO "C17"]
[NIC "FR.10"]
[Time "13:27:43"]
[TimeControl "900+5"]

1. e4 e6 2. d4 d5 3. Nc3 Bb4 4. e5 c5 5. a3 Ba5 6. b4 cxd4 7. Nb5 Bc7 8. Bg5
Ne7 9. f4 Nbc6 10. Nf3 h6 11. Bh4 a6 12. Nbxd4 Nxd4 13. Nxd4 g5 14. Bg3 gxf4
15. Bxf4 Ng6 16. Be3 Bxe5 17. g3 Qf6 18. Bd3 Bd7 19. c3 Rc8 20. Qd2 h5 21.
Bg5 Qg7 22. Bxg6 Qxg6 23. O-O Rg8 24. Bh4 Qg4 25. Rae1 Qxh4 26. Rxe5 Rxg3+
27. Kh1 Rcxc3 28. Qf2 Qh3 29. Qxf7+ Kd8 30. Nxe6+ Bxe6 31. Rxd5+ Bxd5+ 32.
Qxd5+ Qd7 33. Qa5+ Ke7 34. Qe5+ Qe6 35. Qxe6+ Kxe6 36. hxg3 Rxg3 37. a4 Rg4
38. b5 Rxa4 39. bxa6 bxa6 40. Rf8 Ra1+ 41. Kg2 a5 42. Rf4 a4 43. Rh4 Ra2+
44. Kg3 Kd5 45. Rf4 Kc5 46. Rf5+ Kb4 47. Rf4+ Kc3 48. Rf3+ Kd4 49. Rf4+ Ke3
50. Rf3+ Kd4 51. Rf4+ Ke5 52. Rb4 a3 53. Rb3 Ra1 54. Kg2 Kd4 55. Rh3 Kc4 56.
Rf3 Kb4 57. Rf4+ Kb3 58. Rf3+ Ka4 59. Rf4+ Kb5 60. Rf3 Kc5 61. Rf5+ Kb4 62.
Rf4+ Kb3 63. Rf3+ Kc4 {Game drawn by mutual agreement} 1/2-1/2

[Event "ICC tourney 1921 (15 5)"]
[Site "Internet Chess Club"]
[Date "2020.07.17"]
[Round "2"]
[White "sgangavarapu"]
[Black "ChessHawk8"]
[Result "1-0"]
[ICCResult "Black checkmated"]
[WhiteElo "1562"]
[BlackElo "1503"]
[Opening "QGD: exchange, positional line, 6.Qc2"]
[ECO "D36"]
[NIC "QO.16"]
[Time "13:27:57"]
[TimeControl "900+5"]

1. d4 e6 2. c4 d5 3. Nc3 Nf6 4. cxd5 exd5 5. Bg5 c6 6. Qc2 Be7 7. e3 O-O 8.
Bd3 h6 9. Bf4 Nbd7 10. Nge2 b6 11. O-O Bb7 12. f3 c5 13. Rad1 Nh5 14. dxc5
Bxc5 15. Kh1 Nxf4 16. Nxf4 Bxe3 17. Nfxd5 Bc5 18. Bf5 Nf6 19. Be4 Nxe4 20.
fxe4 Qc8 21. Qe2 Re8 22. Qh5 Qb8 23. Rxf7 Rf8 24. Nf6+ Kh8 25. Qxh6+ gxh6
26. Rh7# {Black checkmated} 1-0

[Event "ICC tourney 1921 (15 5)"]
[Site "Internet Chess Club"]
[Date "2020.07.17"]
[Round "2"]
[White "laiaswaminathan"]
[Black "Knightboy123"]
[Result "0-1"]
[ICCResult "White resigns"]
[WhiteElo "1293"]
[BlackElo "1406"]
[Opening "Sicilian"]
[ECO "B50"]
[NIC "SI.01"]
[Time "13:27:47"]
[TimeControl "900+5"]

1. e4 c5 2. Nf3 d6 3. Nc3 Nf6 4. d3 e5 5. g3 Nc6 6. Bg2 Be7 7. O-O Bg4 8. h3
Be6 9. Ng5 Bd7 10. h4 h6 11. Nh3 Qc8 12. Kh2 Nd4 13. Be3 Ng4+ 14. Kg1 Nxe3
15. fxe3 Bxh3 16. exd4 cxd4 17. Nd5 Be6 18. Nxe7 Kxe7 19. Qf3 f6 20. b3 Qd7
21. g4 Bxg4 22. Qg3 Rh7 23. Bf3 h5 24. Bxg4 Qxg4 25. Rf3 Rh6 26. Qxg4 hxg4
27. Rf5 Rxh4 28. Raf1 Rah8 29. R5f2 Rh1+ 30. Kg2 Rxf1 31. Rxf1 Ke6 32. Kg3
g5 33. Kxg4 Rh2 34. Rc1 Rh4+ 35. Kg3 d5 36. c3 dxe4 37. dxe4 Rxe4 38. cxd4
Rxd4 39. Rc7 Rd7 {White resigns} 0-1

[Event "ICC tourney 1921 (15 5)"]
[Site "Internet Chess Club"]
[Date "2020.07.17"]
[Round "2"]
[White "saikolli"]
[Black "combusken1123"]
[Result "0-1"]
[ICCResult "White resigns"]
[WhiteElo "1488"]
[BlackElo "1402"]
[Opening "Sicilian: Pelikan (Lasker/Sveshnikov) variation"]
[ECO "B33"]
[NIC "SI.35"]
[Time "13:27:38"]
[TimeControl "900+5"]

1. e4 c5 2. Nf3 Nc6 3. d4 cxd4 4. Nxd4 Nf6 5. Nc3 e5 6. Ndb5 d6 7. f3 a6 8.
Na3 b5 9. Ne2 Be6 10. c3 Be7 11. Nc2 O-O 12. Ne3 d5 13. exd5 Nxd5 14. Nxd5
Qxd5 15. Qxd5 Bxd5 16. Ng3 f5 17. Be2 Rad8 18. O-O g5 19. Bd2 f4 20. Ne4
Bxe4 21. fxe4 Rxd2 22. Bg4 Bc5+ 23. Kh1 Rfd8 24. Rfd1 Rxd1+ 25. Rxd1 Rxd1+
26. Bxd1 b4 27. Bb3+ Kg7 28. Bd5 bxc3 29. bxc3 Ne7 30. Bc4 a5 31. h4 g4 32.
Kh2 f3 33. gxf3 gxf3 34. Kg3 f2 35. Kg2 Nc8 36. Be6 Nd6 37. Bd5 Kg6 38. Bc6
Kh5 39. Bd5 Kxh4 {White resigns} 0-1

[Event "ICC tourney 1921 (15 5)"]
[Site "Internet Chess Club"]
[Date "2020.07.17"]
[Round "2"]
[White "Senmeesin"]
[Black "siddhu25"]
[Result "0-1"]
[ICCResult "White checkmated"]
[WhiteElo "1205"]
[BlackElo "1477"]
[Opening "Caro-Kann defense"]
[ECO "B10"]
[NIC "CK.01"]
[Time "13:29:22"]
[TimeControl "900+5"]

1. e4 c6 2. Nf3 d5 3. exd5 cxd5 4. d4 Nf6 5. Nc3 Nc6 6. Bb5 Bg4 7. O-O e6 8.
h3 Bh5 9. g4 Bg6 10. Ne5 Rc8 11. Ne2 Be7 12. Bxc6+ bxc6 13. Nf4 c5 14. c3
O-O 15. Nfxg6 hxg6 16. Be3 Bd6 17. f4 Ne4 18. Kg2 cxd4 19. Bxd4 Qh4 20. Qe1
Qe7 21. Rd1 g5 22. f5 exf5 23. Rxf5 g6 24. Nxg6 fxg6 25. Rxd5 Rce8 26. Qe2
Qc7 27. Qa6 Rf3 28. Kxf3 Qf7+ 29. Kg2 Qxd5 30. Kg1 Ng3 31. Qxa7 Ne2+ 32. Kf2
Bg3+ 33. Kf1 Qf3+ 34. Bf2 Qh1+ 35. Bg1 Qxh3# {White checkmated} 0-1

[Event "ICC tourney 1921 (15 5)"]
[Site "Internet Chess Club"]
[Date "2020.07.17"]
[Round "2"]
[White "che2468"]
[Black "Heliosis"]
[Result "1-0"]
[ICCResult "Black forfeits on time"]
[WhiteElo "1393"]
[BlackElo "1271"]
[Opening "Queen's pawn game"]
[ECO "D00"]
[NIC "QP.07"]
[Time "13:27:55"]
[TimeControl "900+5"]

1. d4 Nf6 2. Nc3 d5 3. Bf4 c5 4. e3 Nc6 5. Nb5 e5 6. Bxe5 Nxe5 7. dxe5 Ne4
8. Qxd5 Qa5+ 9. c3 a6 10. Qxe4 axb5 11. O-O-O Be7 12. Bd3 c4 13. Bb1 g6 14.
Qd4 O-O 15. h4 Qa4 16. Nf3 Be6 17. h5 Rfd8 18. Qf4 Rxd1+ 19. Rxd1 b4 20.
cxb4 c3 21. bxc3 Qa3+ 22. Kc2 Bxa2 23. Bxa2 Qxa2+ 24. Kd3 Qb3 25. Rd2 Rc8
26. Rc2 Rd8+ 27. Nd4 Bxb4 28. Qf6 {Black forfeits on time} 1-0

[Event "ICC tourney 1921 (15 5)"]
[Site "Internet Chess Club"]
[Date "2020.07.17"]
[Round "2"]
[White "espark"]
[Black "raghuraja"]
[Result "1-0"]
[ICCResult "Black checkmated"]
[WhiteElo "1617"]
[BlackElo "1444"]
[Opening "Sicilian: Najdorf"]
[ECO "B90"]
[NIC "SI.14"]
[Time "13:27:39"]
[TimeControl "900+5"]

1. e4 c5 2. Nf3 d6 3. d4 cxd4 4. Nxd4 Nf6 5. Nc3 a6 6. Nb3 e5 7. Bg5 Be7 8.
Bxf6 Bxf6 9. Qd3 Be6 10. O-O-O Be7 11. g3 O-O 12. f4 Nd7 13. f5 Bxb3 14.
cxb3 Nf6 15. Kb1 b5 16. Be2 b4 17. Nd5 Nxd5 18. Qxd5 Kh8 19. h4 Qb6 20. Bc4
a5 21. g4 f6 22. Qe6 Qc7 23. Rc1 Qa7 24. g5 Rad8 25. Rcg1 Qd7 26. Qd5 Qc7
27. h5 fxg5 28. h6 Bf6 29. hxg7+ Kxg7 30. Qd2 h6 31. Qh2 Rh8 32. Qh5 Kf8 33.
Rc1 Qe7 34. Bd5 Qe8 35. Qe2 Qe7 36. Rc6 Kg7 37. Rhc1 Rd7 38. Be6 Rb7 39. Qh5
Rd8 40. Qg6+ Kf8 41. Qg8# {Black checkmated} 1-0

[Event "ICC tourney 1921 (15 5)"]
[Site "Internet Chess Club"]
[Date "2020.07.17"]
[Round "2"]
[White "avaanc"]
[Black "Aryangambit"]
[Result "0-1"]
[ICCResult "White checkmated"]
[WhiteElo "1504"]
[BlackElo "1778"]
[Opening "Sicilian: dragon, Yugoslav attack, 7...O-O"]
[ECO "B76"]
[NIC "SI.17"]
[Time "13:27:45"]
[TimeControl "900+5"]

1. e4 c5 2. Nf3 d6 3. d4 cxd4 4. Nxd4 Nf6 5. Nc3 g6 6. Be3 Bg7 7. f3 O-O 8.
Qd2 Nc6 9. g4 Be6 10. Nxe6 fxe6 11. Nb5 Nd7 12. Nd4 Nxd4 13. Bxd4 Bxd4 14.
Qxd4 Ne5 15. Be2 Rxf3 16. O-O-O Rf8 17. Bc4 Qc8 18. Bb3 Nxg4 19. Rhf1 Ne5
20. Rxf8+ Kxf8 21. Qd2 Kg7 22. Qg5 Qf8 23. Bxe6 Qf6 24. Qxf6+ Kxf6 25. Bd5
Rb8 26. h4 e6 27. Bb3 Ke7 28. Rf1 Rf8 29. Rxf8 Kxf8 30. Bxe6 Ke7 31. Bd5 b6
32. h5 gxh5 33. Kd2 Kf6 34. Ke3 Kg5 35. Kf2 Kf4 36. Kg2 Ke3 37. Kh3 Ng6 38.
Kg3 Kd2 39. c4 Kd3 40. Kf3 Ne5+ 41. Kg3 Nxc4 42. b3 Ne5 43. Kh4 Ng6+ 44.
Kxh5 Nf4+ 45. Kh6 Nxd5 46. exd5 Kd4 47. Kxh7 Kxd5 48. Kg6 Ke4 49. Kf7 d5 50.
Ke7 d4 51. Kd7 d3 52. Kc7 d2 53. Kb7 d1=Q 54. Kxa7 Qd4 55. Ka6 Kd5 56. a3
Kc6 57. b4 Qd8 58. b5+ Kc7 59. Ka7 Qb8+ 60. Ka6 Qa8# {White checkmated} 0-1

[Event "ICC tourney 1921 (15 5)"]
[Site "Internet Chess Club"]
[Date "2020.07.17"]
[Round "2"]
[White "smashattack"]
[Black "soggydollar"]
[Result "0-1"]
[ICCResult "White resigns"]
[WhiteElo "1446"]
[BlackElo "1393"]
[Opening "QGD: Lasker defense"]
[ECO "D56"]
[NIC "QO.16"]
[Time "13:27:56"]
[TimeControl "900+5"]

1. d4 d5 2. c4 e6 3. Nc3 Nf6 4. Nf3 Be7 5. Bg5 h6 6. Bh4 O-O 7. e3 Ne4 8.
Bxe7 Qxe7 9. Nxe4 dxe4 10. Nd2 f5 11. Be2 b6 12. a3 a5 13. f4 Bb7 14. O-O
Nd7 15. Rb1 a4 16. Qc2 c5 17. Qc3 Rfd8 18. b4 axb3 19. Rxb3 Qf6 20. Rfb1 Ra6
21. Nf1 g5 22. dxc5 Qxc3 23. Rxc3 Nxc5 24. Rc2 Rd6 25. Rcb2 Kf7 26. Rb4 Ke7
27. a4 Kd7 28. h3 Kc7 29. Ra1 Bc6 30. Bd1 Nd3 31. Rbb1 gxf4 32. exf4 Nxf4
33. Bb3 Nd3 34. Ne3 Nc5 35. Ra3 Rd3 36. Kf2 Bxa4 37. Rba1 Rxb3 38. Rxb3 Bxb3
39. Rb1 Ra4 40. g4 f4 41. Ng2 Ra2+ 42. Kg1 e5 43. h4 Bxc4 44. g5 hxg5 45. h5
Ra8 46. Rb4 b5 47. h6 Rh8 {White resigns} 0-1

[Event "ICC tourney 1921 (15 5)"]
[Site "Internet Chess Club"]
[Date "2020.07.17"]
[Round "2"]
[White "Kfprasanna"]
[Black "mancogu"]
[Result "0-1"]
[ICCResult "White checkmated"]
[WhiteElo "1341"]
[BlackElo "1299"]
[Opening "Sicilian defense"]
[ECO "B20"]
[NIC "SI.48"]
[Time "13:27:48"]
[TimeControl "900+5"]

1. e4 c5 2. Bb5 a6 3. Be2 d6 4. Nf3 Nf6 5. Nc3 Nc6 6. d3 e6 7. Bg5 Be7 8.
O-O O-O 9. Qd2 Qc7 10. h3 b6 11. Rfe1 Bb7 12. a3 h6 13. Be3 Nd7 14. d4 cxd4
15. Nxd4 Nc5 16. b4 Nd7 17. Rad1 b5 18. Nf3 Rfd8 19. Bf4 Nf6 20. Bd3 Rac8
21. Bg3 Nh7 22. Kh1 Ng5 23. Nxg5 Bxg5 24. f4 Be7 25. Rf1 Nd4 26. Ne2 Nxe2
27. Qxe2 d5 28. f5 Qxg3 29. fxe6 fxe6 30. exd5 Bxd5 31. c4 bxc4 32. Bc2 Bd6
33. Rxd5 Qh2# {White checkmated} 0-1

[Event "ICC tourney 1921 (15 5)"]
[Site "Internet Chess Club"]
[Date "2020.07.17"]
[Round "2"]
[White "JadeTooth"]
[Black "saisneha"]
[Result "0-1"]
[ICCResult "White resigns"]
[WhiteElo "1236"]
[BlackElo "1548"]
[Opening "Ruy Lopez: exchange variation, Alapin gambit"]
[ECO "C68"]
[NIC "RL.08"]
[Time "13:27:58"]
[TimeControl "900+5"]

1. e4 e5 2. Nf3 Nc6 3. Bb5 a6 4. Bxc6 dxc6 5. O-O Bg4 6. h3 h5 7. d3 Qf6 8.
Be3 Bxf3 9. Qxf3 Qxf3 10. gxf3 f6 11. f4 O-O-O 12. fxe5 fxe5 13. Nd2 Ne7 14.
Nc4 Ng6 15. Kh2 Re8 16. Bd2 Bd6 17. Rg1 Re6 18. Ne3 Nh4 19. Rg3 Rf8 20. Nf5
Nxf5 21. exf5 Rxf5 22. Kg2 Bc5 23. Rf1 Ref6 24. f3 Rf7 25. Rg5 Rxg5+ 26.
Bxg5 Kd7 27. h4 Be7 28. Re1 Bxg5 29. hxg5 Kd6 30. Kg3 g6 31. c4 Rf5 32. b4
Rxg5+ 33. Kh4 Rf5 34. c5+ Ke6 35. a3 Kf6 36. Rg1 Rxf3 37. Rd1 Rf2 38. d4
Rf4+ 39. Kg3 Rxd4 40. Rf1+ Rf4 41. Re1 g5 42. Rd1 h4+ 43. Kh3 Rf3+ 44. Kg2
Rxa3 45. Rf1+ Kg6 46. Re1 Rb3 47. Rf1 Rxb4 48. Re1 e4 49. Re3 a5 50. Kh3 a4
51. Ra3 Rb3+ {White resigns} 0-1

[Event "ICC tourney 1921 (15 5)"]
[Site "Internet Chess Club"]
[Date "2020.07.17"]
[Round "2"]
[White "AwarePiece"]
[Black "lukeye"]
[Result "0-1"]
[ICCResult "White checkmated"]
[WhiteElo "1527"]
[BlackElo "1851"]
[Opening "Sicilian: Najdorf"]
[ECO "B90"]
[NIC "SI.14"]
[Time "13:27:42"]
[TimeControl "900+5"]

1. e4 c5 2. Nf3 d6 3. d4 cxd4 4. Nxd4 Nf6 5. Nc3 a6 6. f3 e6 7. Be3 h5 8.
Bc4 b5 9. Bb3 Be7 10. Qd2 Qd7 11. O-O-O Bb7 12. h3 Nc6 13. g4 Na5 14. g5
Nxb3+ 15. Nxb3 Nh7 16. h4 Nf8 17. Rhf1 Qc7 18. Kb1 Ng6 19. Bf2 Ne5 20. Bg3
Rc8 21. Bxe5 dxe5 22. Ne2 O-O 23. Na5 Ba8 24. Nb3 b4 25. c3 a5 26. Rc1 Qa7
27. cxb4 Bxb4 28. Nc3 a4 29. Na1 a3 30. b3 Rfd8 31. Qe1 Qd4 32. Rc2 Bxc3 33.
Qc1 Bb7 34. g6 Bxa1 35. gxf7+ Kxf7 36. Qg5 Rxc2 37. Qxh5+ Kg8 38. Kxc2 Qb2#
{White checkmated}
0-1

[Event "ICC tourney 1921 (15 5)"]
[Site "Internet Chess Club"]
[Date "2020.07.17"]
[Round "2"]
[White "LionMate"]
[Black "chessmaster0981"]
[Result "0-1"]
[ICCResult "White resigns"]
[WhiteElo "1234"]
[BlackElo "1359"]
[Opening "French: advance variation"]
[ECO "C02"]
[NIC "FR.03"]
[Time "13:27:55"]
[TimeControl "900+5"]

1. e4 e6 2. d4 d5 3. e5 c5 4. c3 Qb6 5. Nf3 Nc6 6. a3 Bd7 7. b4 cxd4 8. cxd4
Nge7 9. Be2 Nf5 10. Be3 Be7 11. O-O O-O 12. Nbd2 f6 13. Nb3 fxe5 14. dxe5
Nxe3 15. fxe3 Qxe3+ 16. Kh1 Nxe5 17. Re1 Nxf3 18. Bxf3 Qg5 19. Nd4 Bf6 20.
Rc1 Be5 21. Qe2 Bxd4 22. Rc7 Qd8 23. Rec1 Rf6 24. Qd3 Bb6 25. Rxb7 Bc8 26.
Rxb6 Qxb6 27. Bxd5 Ba6 28. Qe4 Raf8 {White resigns} 0-1

[Event "ICC tourney 1921 (15 5)"]
[Site "Internet Chess Club"]
[Date "2020.07.17"]
[Round "2"]
[White "hollyelf"]
[Black "RockroyalChess"]
[Result "1-0"]
[ICCResult "Black resigns"]
[WhiteElo "1633"]
[BlackElo "1365"]
[Opening "Giuoco Piano"]
[ECO "C50"]
[NIC "IG.02"]
[Time "13:27:39"]
[TimeControl "900+5"]

1. e4 e5 2. Nf3 Nc6 3. Bc4 Bc5 4. O-O Nf6 5. d3 d6 6. c3 Bg4 7. h3 Bh5 8.
Re1 h6 9. b4 Bb6 10. Be3 O-O 11. a4 Bxe3 12. Rxe3 d5 13. exd5 Nxd5 14. Bxd5
Qxd5 15. g4 Bg6 16. c4 Qd6 17. c5 Qf6 18. Nc3 Rfe8 19. Nd5 Qd8 20. Qb3 e4
21. Rae1 Qd7 22. dxe4 Rad8 23. b5 Ne5 24. Nxe5 Rxe5 25. f3 h5 26. Nf4 Kh8
27. Rd3 Qe7 28. Red1 Qxc5+ 29. Kg2 Rde8 30. Rd5 Rxd5 31. Rxd5 Qc1 32. Nxg6+
fxg6 33. gxh5 c6 34. bxc6 bxc6 35. Rd3 Qg5+ 36. Kf2 gxh5 37. Qf7 Re7 38.
Rd8+ Kh7 39. Qg8+ Kg6 40. Rd6+ Qf6 41. Rxf6+ {Black resigns} 1-0

[Event "ICC tourney 1921 (15 5)"]
[Site "Internet Chess Club"]
[Date "2020.07.17"]
[Round "2"]
[White "Hrushichess"]
[Black "otcm"]
[Result "1-0"]
[ICCResult "Black resigns"]
[WhiteElo "1362"]
[BlackElo "1043"]
[Opening "Sicilian: dragon, 6.Be3"]
[ECO "B72"]
[NIC "SI.16"]
[Time "13:28:00"]
[TimeControl "900+5"]

1. e4 c5 2. Nf3 d6 3. d4 cxd4 4. Nxd4 Nf6 5. Nc3 g6 6. Be3 Bg7 7. Bc4 O-O 8.
Bb3 Ng4 9. Qd2 Nxe3 10. fxe3 e5 11. Nf3 Nc6 12. O-O-O Bh6 13. Rhe1 Qb6 14.
Na4 Qb5 15. Qxd6 Rd8 16. Qc5 Rxd1+ 17. Kxd1 Qxc5 18. Nxc5 b6 19. Nd3 Bg4 20.
Bd5 Rc8 21. Bxc6 Rxc6 22. Nxe5 Rd6+ 23. Ke2 Be6 24. b3 Rd8 25. Nc6 Rd7 26.
Nfe5 Rc7 27. Nd4 Bc8 28. c4 Re7 29. Ndc6 Re6 30. Rd1 Rxc6 31. Rd8+ Kg7 32.
Nxc6 Bg4+ 33. Kf2 Bg5 34. Rd3 a5 35. h3 Be6 36. Nd4 Bc8 37. Nf3 Be7 38. Ne5
Kf6 39. Nd7+ Bxd7 40. Rxd7 Bc5 41. Rd5 Ke6 42. e5 Ke7 43. Kf3 Bb4 44. Ke4
Bc5 45. Rxc5 bxc5 46. Kd5 Kd7 47. Kxc5 Kc7 48. Kd5 h5 49. a3 Kb6 50. Kd6 g5
51. c5+ Kb7 52. Kd7 g4 53. c6+ Kb6 54. c7 gxh3 55. gxh3 Kb7 56. c8=Q+ Kb6
57. Qc6+ Ka7 58. Kc7 {Black resigns} 1-0

[Event "ICC tourney 1921 (15 5)"]
[Site "Internet Chess Club"]
[Date "2020.07.17"]
[Round "2"]
[White "cruiseship"]
[Black "guineapig25"]
[Result "1-0"]
[ICCResult "Black checkmated"]
[WhiteElo "1244"]
[BlackElo "1574"]
[Opening "Sicilian"]
[ECO "B56"]
[NIC "SI.25"]
[Time "13:27:54"]
[TimeControl "900+5"]

1. e4 c5 2. Nf3 d6 3. d4 cxd4 4. Nxd4 Nf6 5. Nc3 Nc6 6. Be3 Ng4 7. Qd2 Nxe3
8. Qxe3 e6 9. Bb5 Bd7 10. O-O Be7 11. Rad1 O-O 12. Be2 Rc8 13. Ndb5 Be8 14.
Qg3 Ne5 15. Rd2 a6 16. Nxd6 Bxd6 17. Rfd1 Nc4 18. Bxc4 Bxg3 19. Rxd8 Rxd8
20. Rxd8 Be5 21. Kf1 Bc6 22. Rxf8+ Kxf8 23. Bd3 Bxc3 24. bxc3 Ke7 25. e5 a5
26. c4 b6 27. f4 g6 28. g3 f6 29. Ke2 f5 30. Ke3 Kd7 31. Kd4 Bf3 32. c5 Kc6
33. cxb6 Kxb6 34. a4 Bc6 35. Bc4 Bxa4 36. Bxe6 Bxc2 37. Bf7 Kc7 38. Kc5 Kd7
39. Kb5 a4 40. Kb4 Ke7 41. Bc4 h6 42. h4 Be4 43. Kxa4 Bc6+ 44. Kb4 Bd7 45.
Kc5 Be8 46. Kd4 Bc6 47. e6 Be4 48. Ke5 Bb7 49. Bd3 Bc8 50. Bc4 Bb7 51. h5
gxh5 52. Kxf5 Bf3 53. Kg6 Bg4 54. Kxh6 h4 55. gxh4 Bxe6 56. Bxe6 Kxe6 57.
Kg7 Kf5 58. h5 Kxf4 59. h6 Kg5 60. h7 Kf5 61. h8=Q Ke4 62. Qe8+ Kd3 63. Kf6
Kc2 64. Qc6+ Kb3 65. Kf5 Kb2 66. Ke4 Kb3 67. Qc5 Kb2 68. Kd3 Ka1 69. Qb4 Ka2
70. Kc2 Ka1 71. Qa3# {Black checkmated} 1-0

[Event "ICC tourney 1921 (15 5)"]
[Site "Internet Chess Club"]
[Date "2020.07.17"]
[Round "2"]
[White "castle2king"]
[Black "natez"]
[Result "0-1"]
[ICCResult "White resigns"]
[WhiteElo "1284"]
[BlackElo "1571"]
[Opening "Caro-Kann: exchange variation"]
[ECO "B13"]
[NIC "CK.02"]
[Time "13:27:38"]
[TimeControl "900+5"]

1. e4 c6 2. d4 d5 3. exd5 cxd5 4. Bd3 Nc6 5. c3 Nf6 6. h3 g6 7. Nf3 Bg7 8.
O-O O-O 9. Bf4 Bf5 10. Ne5 Qb6 11. Bxf5 gxf5 12. Nd3 e6 13. a4 Rfe8 14. b4
Ne4 15. Kh1 Rac8 16. f3 Nf6 17. Nc5 a5 18. b5 Ne7 19. Be5 Ng6 20. f4 Rxc5
21. dxc5 Qxc5 22. Bd4 Qd6 23. Nd2 Nxf4 24. Qf3 Ng6 25. Rae1 e5 26. Qxf5 Qc7
27. b6 Qb8 28. Bc5 Rc8 29. Bd6 Qa8 30. Bxe5 Nxe5 31. Rxe5 Rxc3 32. Rxd5 Nxd5
33. Qxf7+ Kh8 34. Qxd5 Rc6 35. Ne4 Rxb6 36. Nd6 h6 37. Nf7+ Kh7 38. Qd3+ Kg8
39. Qd5 Kh7 40. Qf5+ Kg8 41. Rc1 Rc6 42. Rxc6 bxc6 43. Nd6 Qb8 44. Qe6+ Kh7
45. Qf5+ Kg8 46. Qc8+ Qxc8 47. Nxc8 Kf7 48. Kg1 Ke6 49. Kf2 Bd4+ 50. Ke2 Kd7
51. Kd3 Bg1 52. Ke4 Kxc8 53. Kf5 Be3 54. g4 c5 55. Ke4 Bg5 56. Kd5 Be3 57.
h4 Kc7 58. g5 hxg5 59. hxg5 Kb6 60. g6 Bh6 61. Kc4 Bg7 62. Kd5 Bf8 63. Kc4
Kc6 64. Kd3 Kd5 65. Kc3 Bg7+ 66. Kd3 c4+ 67. Kc2 Kd4 68. Kd2 c3+ 69. Kc2 Kc4
70. Kc1 Bh6+ 71. Kc2 Kb4 {White resigns} 0-1

[Event "ICC tourney 1921 (15 5)"]
[Site "Internet Chess Club"]
[Date "2020.07.17"]
[Round "2"]
[White "ickyquarter"]
[Black "kralj8"]
[Result "1-0"]
[ICCResult "Black forfeits on time"]
[WhiteElo "1525"]
[BlackElo "1684"]
[Opening "Ruy Lopez: fianchetto (Smyslov/Barnes) defense"]
[ECO "C60"]
[NIC "RL.03"]
[Time "13:27:46"]
[TimeControl "900+5"]

1. e4 e5 2. Nf3 Nc6 3. Bb5 g6 4. O-O Bg7 5. c3 a6 6. Ba4 b5 7. Bc2 Nge7 8.
d4 exd4 9. cxd4 O-O 10. a3 d6 11. h3 Bb7 12. d5 Na5 13. Nc3 Nc4 14. Bd3 Nb6
15. Bf4 h6 16. Qd2 Kh7 17. Be3 f5 18. exf5 Nxf5 19. Bxb6 cxb6 20. Be4 Qd7
21. Rfe1 Rfe8 22. Rac1 Rac8 23. Bxf5 Qxf5 24. Nd4 Qg5 25. Qxg5 hxg5 26. Rxe8
Rxe8 27. Rd1 Bxd4 28. Rxd4 Re5 29. Ne4 Kg7 30. Nc3 Kf7 31. Kh2 Ke7 32. Kg3
a5 33. b4 Kf7 34. Nxb5 Bxd5 35. Nxd6+ Ke6 36. Nc8 axb4 37. Rxb4 Re2 38.
Rxb6+ Kf7 39. a4 Ra2 40. Ra6 Ra3+ 41. f3 Ra2 42. a5 Kg7 43. Nb6 Bc6 44. Ra7+
Kh6 45. Nc4 Bb5 46. Ne3 g4 47. Nxg4+ Kg5 48. Ne3 Ra3 49. Nd5 Bf1 50. Nf4 Ra2
51. Rg7 {Black forfeits on time} 1-0